 Dungeon Sprint DCSS version 0.31-a0-4-gefa6de2278 (webtiles) character file.

Game seed: 15755550266382013540

2 fozzywoppz the Charlatan (level 1, -3/14 HPs)
             Began as a Gnoll Wanderer on May 3, 2023.
             Slain by a wolf (6 damage)
             ... in the Dungeon (Sprint III: "The Ten Rune Challenge").
             The game lasted 00:00:30 (62 turns).

fozzywoppz the Charlatan (Gnoll Wanderer)             Turns: 62, Time: 00:00:31

Health: -3/14      AC:  3    Str: 13    XL:     1   Next: 40%
Magic:  1/1        EV: 11    Int: 10    God:
Gold:   16         SH:  0    Dex: 10    Spells: 1/1 levels left

rFire   . . .        a - +0 mace
rCold   . . .        (no shield)
rNeg    . . .        f - +0 leather armour
rPois   .            (no helmet)
rElec   .            (no cloak)
rCorr   .            (no gloves)
SInv    .            (no boots)
Will    .....        (no amulet)
Stlth   ++           (no ring)
HPRegen 0.22/turn    (no ring)
MPRegen 0.07/turn

%: no teleportation
@: no status effects
A: fangs 1, strong nose, distributed training
a: no special abilities


You were in the Dungeon.
You visited 1 branch You collected 16 gold pieces.

Inventory:

Hand Weapons
 a - a +0 mace (weapon)
Missiles
 c - 8 boomerangs (quivered)
Armour
 f - a +0 leather armour (worn)
Scrolls
 l - a scroll of blinking
Potions
 e - a potion of attraction
 g - a potion of curing
 h - a potion of heal wounds
 i - a potion of haste
 j - 2 potions of magic
 k - a potion of berserk rage
Miscellaneous
 b - a phial of floods


   Skills:
 + Level 0.6 Fighting
 + Level 0.6 Short Blades
 + Level 0.6 Long Blades
 + Level 0.6 Axes
 + Level 4.5 Maces & Flails
 + Level 0.6 Polearms
 + Level 0.6 Staves
 + Level 0.6 Ranged Weapons
 + Level 4.5 Throwing
 + Level 4.5 Armour
 + Level 0.6 Dodging
 + Level 2.3 Stealth
 + Level 0.6 Shields
 + Level 0.6 Unarmed Combat
 + Level 0.6 Spellcasting
 + Level 0.4 Conjurations
 + Level 0.4 Hexes
 + Level 0.4 Summonings
 + Level 0.4 Necromancy
 + Level 0.4 Translocations
 + Level 0.4 Transmutations
 + Level 0.4 Fire Magic
 + Level 0.4 Ice Magic
 + Level 0.4 Air Magic
 + Level 0.4 Earth Magic
 + Level 0.4 Poison Magic
 + Level 0.8 Invocations
 + Level 6.5 Evocations


You had one spell level left.
You didn't know any spells.
Your spell library was empty.

Dungeon Overview and Level Annotations

Branches:
Dungeon (1/1)

Altars:


Innate Abilities, Weirdness & Mutations

You have very sharp teeth.
Your uncanny sense of smell can sniff out nearby items.
Your experience applies equally to all skills.


Message History

The rat misses you.
You closely miss the rat. The rat bites you. The rat barely misses you.
The rat bites you. The rat bites you but does no damage.
You closely miss the rat. Your bite misses the rat. The rat closely misses you.
The rat barely misses you.
You barely miss the rat. The rat barely misses you. x2
You hit the rat.
You kill the rat!
The rat barely misses you.
You see here a rat corpse.
You closely miss the rat. Your bite misses the rat. The rat closely misses you.
You barely miss the rat. The rat completely misses you.
You hit the rat but do no damage. The rat barely misses you. The rat bites you.
You hit the rat.
The rat is moderately wounded.
The rat bites you.
You sock the rat!
You kill the rat!
You start resting.
HP restored.
You see here a rat corpse.
You open the door.
There is an open door here.
A wolf comes into view.
Okay, then.
The wolf howls!
The wolf bites you.
You miss the wolf. You bite the wolf, but do no damage.
The wolf closely misses you. The wolf bites you.
You hit the wolf.
The wolf is heavily wounded.
The wolf closely misses you. The wolf bites you.
* * * LOW HITPOINT WARNING * * *
You closely miss the wolf.
The wolf is heavily wounded.
The wolf misses you. The wolf closely misses you.
Okay, then.
The wolf attacks as you move away! The wolf bites you but does no damage.
The wolf bites you.
You die...

▓▓▓▓ ▓▓▓▓▓
▓<.#∆∆+...♣♣
▓.)#∆∆#....♣♣
▓#'####.....♣
▓...†.#....~♣♣♣
▓.....#h..~~♣..
▓.....#@.~~~~♣.
▓####'#..~≈≈~~~
▓)....#.~~≈~~~.
▓.†...#.~≈~~~..
▓.....#.~~~....
▓'#####........
▓..............
▓▓▓▓▓▓▓▓▓▓▓▓▓▓▓


You could see a wolf.

Vanquished Creatures
  4 rats (D)
4 creatures vanquished.

Notes
Turn   | Place    | Note
-------+----------+-------------------------------------------
     0 | D        | fozzywoppz the Gnoll Wanderer began the quest for the Orb.
     0 | D        | fozzywoppz set off with the following items: a +0 mace, a
                  | phial of floods, 8 boomerangs, a +0 dagger, a potion of
                  | attraction, a +0 leather armour, a potion of curing, a
                  | potion of heal wounds, a potion of haste, 2 potions of
                  | magic, a potion of berserk rage, a scroll of blinking.
     0 | D        | Reached XP level 1. HP: 13/13 MP: 1/1
    54 | D        | Noticed a wolf
    62 | D        | Slain by a wolf

Illustrated notes

Levels and vault maps discovered:
D:        dungeon_sprint_mu [sprint_mu_entry_forest, sprint_mu_temple_rooms,
          sprint_mu_d1_spiders, sprint_mu_d2_genie, sprint_mu_d3_branching,
          sprint_mu_orc_legion, sprint_mu_elf_gauntlet, sprint_mu_hive_nellie,
          sprint_mu_lair_fedhas, sprint_mu_vaults_butterflies,
          sprint_mu_slime_circle, sprint_mu_swamp_cave, sprint_mu_shoals_archi,
          sprint_mu_blade_basic, sprint_mu_crypt_chambers,
          sprint_mu_tomb_spiral, sprint_mu_vestibule_basic,
          sprint_mu_gehenna_hellfire, sprint_mu_dis_giant,
          sprint_mu_tartarus_statrot, sprint_mu_cocytus_islands, sprint_mu_zot1]

Action                     || total
---------------------------++-------
  Melee: Mace              ||    16
         Bite              ||     2
         Punch             ||     1
   Stab: Sleeping          ||     1
 Armour: Leather armour    ||     2
  Dodge: Dodged            ||    18

Table legend: (Time is in decaauts)
 A = Elapsed time spent in this place.
 B = Non-inter-level travel time spent in this place.
 C = Inter-level travel time spent in this place.
 D = Time resting spent in this place.
 E = Time spent auto-exploring this place.
 F = Levels seen in this place.
 G = Mean time per level.
                   A        B        C        D        E       F      G
               +--------+--------+--------+--------+--------+-----+--------+
         Total |     64 |     64 |      0 |     15 |      0 |   1 |   64.0 |
       Dungeon |     64 |     64 |      0 |     15 |      0 |   1 |   64.0 |
               +--------+--------+--------+--------+--------+-----+--------+

Top non-repeatable levels by time:
       D: 64 daAuts
